 Dungeon Crawl Stone Soup version 0.27-a0-1202-ge72e49191c (webtiles) character file.

Game seed: 13591084231999430493

117 bande the Shield-Bearer (level 5, -4/32 HPs)
             Began as a Gargoyle Fighter on June 4, 2021.
             Slain by an orc priest
             ... wielding a +0 mace
              (6 damage)
             ... on level 4 of the Dungeon.
             The game lasted 00:05:26 (3322 turns).

bande the Shield-Bearer (Gargoyle Fighter)          Turns: 3322, Time: 00:05:27

Health: -4/32      AC: 13    Str: 18 (20) XL:     5   Next: 1%
Magic:  5/5        EV:  5    Int:  8      God:
Gold:   95         SH: 10    Dex:  9 (10) Spells: 4/4 levels left

rFire    . . .     SeeInvis .   a - +0 war axe
rCold    . . .     Faith    .   c - +1 kite shield
rNeg     + . .     Spirit   .   i - +0 chain mail
rPois    ∞         Reflect  .   (no helmet)
rElec    +         Harm     .   (no cloak)
rCorr    .         Rampage  .   (no gloves)
Will     .....                  (no boots)
Stlth    ..........             (no amulet)
HPRegen  0.10/turn              (no ring)
MPRegen  0.09/turn              (no ring)

@: no status effects
A: sickness immunity, AC +4, negative energy resistance 1, electricity
resistance, torment resistance 1, petrification resistance
a: no special abilities


You were on level 4 of the Dungeon.
You visited 1 branch of the dungeon, and saw 4 of its levels.

You collected 95 gold pieces.

Inventory:

Hand Weapons
 a - a +0 war axe (weapon)
Armour
 c - a +1 kite shield (worn)
 i - a +0 chain mail (worn)
Jewellery
 g - a ring of fire
Scrolls
 b - a scroll of enchant armour
 h - a scroll of blinking
Potions
 d - a potion of might
 e - a potion of brilliance
 f - a potion of invisibility
 j - 3 potions of curing


   Skills:
 + Level 3.6 Fighting
 + Level 3.3 Axes
 + Level 3.9 Armour
 + Level 0.3 Dodging
 + Level 4.0 Shields


You had 4 spell levels left.
You didn't know any spells.
Your spell library was empty.

Dungeon Overview and Level Annotations

Branches:
Dungeon (4/15)
 Temple: D:4-7

Altars:
Elyvilon
Gozag
Hepliaklqana
Kikubaaqudgha
Nemelex Xobeh
Qazlal
Ru
Trog
Wu Jian
Xom

Shops:
D:2 ?


Innate Abilities, Weirdness & Mutations

You are immune to sickness and miasma.
Your stone body is resilient. (AC +4)
You are immune to poison.
You resist negative energy. (rN+)
You are resistant to electric shocks. (rElec)
You are resistant to unholy torment.
You are immune to petrification.


Message History

Unknown command.
An orc comes into view. It is wielding a +0 whip.
The orc shouts!
The orc priest mumbles some strange prayers to Beogh against you.
Beogh smites you!
The orc wizard hits you but does no damage.
The orc hits you but does no damage.
Found 6 gold pieces.
You bump into the rock wall.
The orc wizard hits you with a +0 dagger.
The orc hits you with a +1 vampiric hand axe.
The orc wizard hits you but does no damage.
You bump into the rock wall.
The orc wizard points at you and mumbles some strange words.
The puff of flame hits you.
You feel less confused.
Unknown command.
You closely miss the orc wizard. You slash the orc!
You kill the orc!
You hit the orc wizard.
The orc wizard is moderately wounded.
You barely miss the orc. You hit the orc.
The orc hits you but does no damage. x2
The orc wizard barely misses you. The orc hits you but does no damage. x2
You hit the orc priest but do no damage.
You barely miss the orc. You completely miss the orc wizard. You hit the orc.
The orc priest invokes the aid of Beogh against you.
Beogh smites you!
* * * LOW HITPOINT WARNING * * *
The orc wizard hits you but does no damage.
You block the orc's attack. The orc hits you but does no damage.
The orc priest hits you with a +0 mace.
* * * LOW HITPOINT WARNING * * *
The orc wizard casts a spell at you.
The magic dart hits you but does no damage.
Your shield and chain mail prevent you from hitting the orc priest.
You hit the orc.
You kill the orc!
You barely miss the orc wizard. You hit the orc. You block the orc's attack.
The orc priest hits you with a +0 mace.
You die...

#'##### .#
#.....##..#
#.........#
#.....########
#.....##.....#
#......#.....#
#......'.....#
#......#.....#
#......#o@...#
#.....##)oo..#
#.....##.....#
#...........(+
#............#
#.....$......#
.....##.....#
$.... #.....#
.... ......+


You could see an orc priest, an orc wizard and an orc.

Vanquished Creatures
  2 adders (D:3)
  An adder skeleton (D:2)
  4 worms
  3 dart slugs (D:1)
  7 orcs
  4 endoplasms
  3 giant cockroaches
  8 hobgoblins
  8 jackals (D:1)
  2 quokkas
  5 bats
  6 frilled lizards
  4 goblins (D:1)
  7 kobolds
  6 rats
70 creatures vanquished.

Notes
Turn   | Place    | Note
-------+----------+-------------------------------------------
     0 | D:1      | bande the Gargoyle Fighter began the quest for the Orb.
     0 | D:1      | Reached XP level 1. HP: 14/14 MP: 1/1
   474 | D:1      | Reached XP level 2. HP: 19/19 MP: 2/2
   595 | D:1      | Reached XP level 3. HP: 17/23 MP: 3/3
  1445 | D:2      | Reached XP level 4. HP: 28/28 MP: 4/4
  1602 | D:2      | Found Tuickef's Magic Scroll Emporium.
  2203 | D:3      | Found a hazy altar of Hepliaklqana.
  2206 | D:3      | Found an opulent altar of Gozag.
  2796 | D:3      | Reached skill level 4 in Shields
  3089 | D:3      | Found a faded altar of an unknown god.
  3173 | D:3      | Found a stormy altar of Qazlal.
  3175 | D:3      | Found an ornate altar of the Wu Jian Council.
  3176 | D:3      | Found a bloodstained altar of Trog.
  3176 | D:3      | Found a white marble altar of Elyvilon.
  3176 | D:3      | Found a sacrificial altar of Ru.
  3177 | D:3      | Found a shimmering altar of Xom.
  3178 | D:3      | Found an ancient bone altar of Kikubaaqudgha.
  3180 | D:3      | Found a sparkling altar of Nemelex Xobeh.
  3305 | D:4      | Reached XP level 5. HP: 32/32 MP: 5/5
  3322 | D:4      | Slain by an orc priest

Illustrated notes

Levels and vault maps discovered:
D:1:      tarquinn_simple_flora_water_b, layout_loops_ring, minmay_heptomino_d4
D:2:      layout_basic, serial_shops, shop
D:3:      layout_basic, minitemple, shapermc_ecumenical_altar_mp_vishouse
D:4:      layout_gridville, minmay_temple_entry_ruins,
          lightli_sewer_entry_pipes, dk_rats_in_the_wall, uniq_grinder,
          uniq_ijyb

Skill      XL: |  1  2  3  4 |
---------------+-------------+-----
Axes           | 2 3 |  3.3
Shields        | 4 |  4.0
Fighting       | |  3.6
Armour         | |  3.9
Dodging        | |  0.3

Action                   |  1- 3 |  4- 6 || total
-------------------------+-------+-------++-------
Melee: War axe           |   110 |   111 ||   221
  Use: Scroll            |     3 |     2 ||     5
       Potion            |       |     5 ||     5
Armor: Scale mail        |    54 |       ||    54
       Chain mail        |    21 |    83 ||   104
Dodge: Dodged            |    27 |    29 ||    56
Block: Kite shield       |    73 |    57 ||   130

Table legend: (Time is in decaauts)
 A = Elapsed time spent in this place.
 B = Non-inter-level travel time spent in this place.
 C = Inter-level travel time spent in this place.
 D = Time resting spent in this place.
 E = Time spent auto-exploring this place.
 F = Levels seen in this place.
 G = Mean time per level.
                   A        B        C        D        E       F      G
               +--------+--------+--------+--------+--------+-----+--------+
         Total |   3437 |   3409 |     28 |    527 |   2137 |   4 |  859.2 |
       Dungeon |   3437 |   3409 |     28 |    527 |   2137 |   4 |  859.2 |
               +--------+--------+--------+--------+--------+-----+--------+

Top non-repeatable levels by time:
     D:3: 1504 daAuts
     D:1: 1422 daAuts
     D:2: 480 daAuts
     D:4: 30 daAuts
